 Dungeon Crawl Stone Soup version 0.30-b1-2-g02819fbbbe (webtiles) character file.

Game seed: 9731397725291415170

133 Flugkiller the Trooper (level 4, -5/41 HPs)
             Began as a Minotaur Fighter on May 8, 2023.
             Was a Follower of Okawaru.
             Slain by Sigmund
             ... wielding a +0 scythe
              (10 damage)
             ... on level 2 of the Dungeon.
             The game lasted 00:00:52 (691 turns).

Flugkiller the Trooper (Minotaur Fighter)            Turns: 691, Time: 00:00:52

Health: -5/41      AC:  9    Str: 23    XL:     4   Next: 93%
Magic:  3/3        EV:  8    Int:  5    God:    Okawaru [*.....]
Gold:   26         SH:  0    Dex:  9    Spells: 3/3 levels left

rFire   . . .        a - +0 war axe
rCold   . . .        c - +0 buckler
rNeg    . . .        g - +0 chain mail
rPois   .            (helmet restricted)
rElec   .            (no cloak)
rCorr   .            (no gloves)
SInv    .            (no boots)
Will    .....        (no amulet) Stlth
                     (no ring)
HPRegen 0.26/turn    (no ring)
MPRegen 0.08/turn

%: no passive effects
@: confused, mighty
A: horns 2, retaliatory headbutt
a: Renounce Religion, Heroism


You were on level 2 of the Dungeon.
You worshipped Okawaru.
Okawaru was aware of your devotion.
You visited 1 branch of the dungeon, and saw 2 of its levels.

You collected 26 gold pieces.

Inventory:

Hand Weapons
 a - a +0 war axe (weapon)
Armour
 b - a +0 scale mail
 c - a +0 buckler (worn)
 g - a +0 chain mail (worn)
   (You took it off Terence on level 2 of the Dungeon)
Scrolls
 e - a scroll of teleportation {unknown}
 f - a scroll of identify {unknown}
Potions
 d - 3 potions of might
 h - a potion of heal wounds {unknown}


   Skills:
 * Level 4.8 Fighting
 * Level 3.9 Axes
 * Level 4.7 Armour
 + Level 4.2 Shields
 + Level 0.0 Invocations


You had 3 spell levels left.
You didn't know any spells.
Your spell library was empty.

Dungeon Overview and Level Annotations

Branches:
Dungeon (2/15)

Altars:
Okawaru

Shops:
D:2 *:

Annotations:
D:2 Sigmund


Innate Abilities, Weirdness & Mutations

You have a pair of horns on your head.
You reflexively headbutt those who attack you in melee.


Message History

You barely miss the bat. You block the bat's attack.
The bat hits you but does no damage.
You barely miss the bat. Your headbutt misses the bat.
The bat hits you but does no damage.
You hit the bat.
The bat is moderately wounded.
The bat hits you but does no damage. The bat hits you but does no damage.
The bat barely misses you. The bat hits you but does no damage.
You hit the bat.
You kill the bat!
No target in view!
No target in view!
No target in view!
No target in view!
No target in view!
There is a faded altar of an unknown god here.
There is a faded altar of an unknown god here.
This altar belongs to (a) Okawaru, (b) Gozag or (c) the Shining One, but you can't tell which.
Press the corresponding letter to learn more about a god, or press enter to convert or escape to cancel.
Okawaru accepts your prayer! Okawaru welcomes you!
You can now gain great but temporary skills.
Unknown command.
Press < or > to pray at altars.
A kobold comes into view. It is wielding a +0 dagger.
The kobold shouts!
A kobold is nearby!
A kobold is nearby!
Found Wost's Book Shoppe.
The kobold hits you but does no damage.
You barely miss the kobold.
The kobold hits you but does no damage. x2
You hit the kobold but do no damage. You headbutt the kobold.
You kill the kobold!
Okawaru accepts your kill.
No target in view!
No target in view!
No target in view!
No target in view!
No target in view!
No target in view!
You see here a +0 dagger.
There is an entrance to Wost's Book Shoppe here.
Found 6 silver boomerangs.
Found an escape hatch in the floor.
Sigmund the Dreaded comes into view.
He is wielding a +0 scythe.
Found a stone staircase leading down.
Sigmund casts a spell at you. The puff of flame hits you.
A giant cockroach comes into view.
The giant cockroach closely misses you.
You hit the giant cockroach but do no damage.
You headbutt the giant cockroach.
You kill the giant cockroach!
Okawaru accepts your kill.
Sigmund points at you and mumbles some strange words.
You are confused.
You are too confused!
You are too confused!
You are too confused!
You are too confused!
You see here a giant cockroach corpse.
You bump into the rock wall.
You bump into the rock wall.
You bump into the rock wall.
You bump into the rock wall.
You feel less confused.
Sigmund gestures wildly while chanting.
Sigmund flickers and vanishes!
Deactivating autopickup; reactivate with Ctrl-A.
Something hits you but does no damage.
You see here a giant cockroach corpse.
A magic dart appears from out of thin air!
The magic dart hits you!
A magic dart appears from out of thin air!
The magic dart hits you but does no damage.
Something hits you.
You feel very mighty all of a sudden. Something hits you.
You barely miss something. Something hits you but does no damage.
You closely miss something.
You hear some strange, mumbled words.
Something tries to affect you, but you resist.
You closely miss something.
You hear some strange, mumbled words.
Something tries to affect you, but you resist.
You hear some strange, mumbled words.
You are confused.
You closely miss something. Your headbutt misses something.
Something hits you but does no damage.
You completely miss something.
You hear some strange, mumbled words.
You are more confused.
You barely miss something. Something hits you but does no damage.
You miss something. Something hits you!
You bump into the rock wall.
Something hits you!
* * * LOW HITPOINT WARNING * * *
You bump into the rock wall.
You bump into the rock wall.
Something hits you!
* * * LOW HITPOINT WARNING * * *
Something hits you!
You die...

. ###..#####....#
..
.>......#..##..(..
..........## ##...
......$.### #.#
......>...## ..#
........#..# .##
........##†## .#
........##.{###.#
........###.@...#
######### ####..#
####


There were no monsters in sight!

Vanquished Creatures
  Terence (D:2)
  Natasha (thrice) (D:2)
  A worm (D:2)
  2 dart slugs (D:1)
  An endoplasm (D:1)
  3 giant cockroaches
  A hobgoblin (D:1)
  2 quokkas (D:1)
  5 ball pythons
  5 bats
  A frilled lizard (D:2)
  A goblin (D:1)
  3 kobolds
  2 rats (D:1)
31 creatures vanquished.

Notes
Turn   | Place    | Note
-------+----------+-------------------------------------------
     0 | D:1      | Flugkiller the Minotaur Fighter began the quest for the
                  | Orb.
     0 | D:1      | Reached XP level 1. HP: 19/19 MP: 0/0
   118 | D:1      | Reached XP level 2. HP: 27/27 MP: 1/1
   443 | D:2      | Found a faded altar of an unknown god.
   455 | D:2      | Found Less's General Store.
   459 | D:2      | Noticed Natasha
   464 | D:2      | Reached XP level 3. HP: 32/33 MP: 2/2
   465 | D:2      | Killed Natasha
   496 | D:2      | Noticed Terence
   506 | D:2      | Killed Terence
   507 | D:2      | Reached XP level 4. HP: 38/41 MP: 3/3
   530 | D:2      | Noticed Natasha
   539 | D:2      | Killed Natasha
   546 | D:2      | Noticed Natasha
   550 | D:2      | Killed Natasha
   624 | D:2      | Prayed at the altar of an unknown god.
   624 | D:2      | Became a worshipper of Warmaster Okawaru
   624 | D:2      | Reached * piety under Okawaru
   632 | D:2      | Found Wost's Book Shoppe.
   661 | D:2      | Noticed Sigmund
   691 | D:2      | Slain by Sigmund

Illustrated notes

Levels and vault maps discovered:
D:1:      scummos_arrival_simple_fountains, layout_rooms
D:2:      layout_rooms, serial_shops, shop_coins, shop, nicolae_shop_waterfront,
          shop, basic_ecumenical_altar, uniq_natasha, uniq_terence, uniq_sigmund

Skill      XL: |  1  2  3 |
---------------+----------+-----
Armour         | 4 |  4.7
Fighting       | 4 |  4.8
Axes           | 3 |  3.9
Shields        | 4 |  4.2

Action                     |  1- 3 |  4- 6 || total
---------------------------+-------+-------++-------
  Melee: War axe           |    47 |    27 ||    74
         Headbutt          |     5 |     4 ||     9
    Use: Potion            |       |     1 ||     1
 Armour: Scale mail        |    17 |     5 ||    22
         Chain mail        |       |    13 ||    13
  Dodge: Dodged            |    21 |     4 ||    25
  Block: Buckler           |    15 |     3 ||    18
